 Dungeon Sprint DCSS version 0.19-a0-787-gcef06a7 (webtiles) character file.

166 Mood the Quickloader (level 5, -7/45 HPs)
             Began as a Centaur Hunter on June 26, 2016.
             Killed from afar by an orc wizard (10 damage)
             ... with a puff of flame
             ... in the Dungeon (Sprint IX: "|||||||||||||||||||||||||||||").
             The game lasted 00:01:24 (113 turns).

Mood the Quickloader (Centaur Hunter)                Turns: 113, Time: 00:01:25

Health: -7/45      AC:  4    Str: 15    XL:     5   Next: 22%
Magic:  5/5        EV: 10    Int: 10    God:
Gold:   0          SH:  0    Dex: 10    Spells: 0 memorised, 4 levels left

rFire  . . .     SeeInvis .     l - +0 club
rCold  . . .     Gourm    .     c - +0 leather armour
rNeg   . . .     Faith    .     (no shield)
rPois  .         Spirit   .     (no helmet)
rElec  .         Dismiss  .     (no cloak)
rCorr  .         Reflect  .     (no gloves)
SustAt .         Harm     .     (no barding)
MR     .....     NoTele   +     (no amulet)
Stlth  +.........               (no ring)
                                (no ring)

@: exhausted, slowed, not resistant to hostile enchantments, very unstealthy
A: hooves 3, deformed body, speed 2, tough skin 3
a: no special abilities


You were in the Dungeon.
You were not hungry.

You visited 1 branch

Inventory:

Hand Weapons
 a - a +1 hand crossbow
 b - a +0 short sword
 l - a +0 club (weapon)
Missiles
 d - 20 bolts
Armour
 c - a +0 leather armour (worn)
Scrolls
 k - a scroll of blinking
Potions
 e - a potion of curing
 h - a potion of haste
 i - 2 potions of magic
Comestibles
 f - a bread ration


   Skills:
 + Level 3.5 Fighting
 * Level 3.6 Maces & Flails
 + Level 10.1 Crossbows
 + Level 1.6 Armour
 + Level 2.4 Dodging
 + Level 1.1 Stealth


You had 4 spell levels left.
You didn't know any spells.

Dungeon Overview and Level Annotations

Branches:
Dungeon (1/1)

Altars:


Innate Abilities, Weirdness & Mutations

You have hooves in place of feet.
Armour fits poorly on your strangely shaped body.
You cover ground very quickly.
You have extremely tough skin. (AC +3)


Message History

You hear some strange, mumbled words.
A puff of flame appears from out of thin air!
The puff of flame misses you.
You miss something. Your kick misses something.
You hear some strange, mumbled words.
A puff of flame appears from out of thin air!
The puff of flame hits you! Something hits you.
You barely miss something. Your kick misses something. Something hits you. x2
Something hits you but does no damage.
You hit something but do no damage. Something hits you.
* * * LOW HITPOINT WARNING * * *
You hear some strange, mumbled words.
A magic dart appears from out of thin air!
The magic dart hits you!
* * * LOW HITPOINT WARNING * * *
You hit something.
You hear some strange, mumbled words.
A puff of flame appears from out of thin air!
The puff of flame hits you!
You die... ▓▓▓▓▓▓▓▓▓▓▓▓▓▓▓▓▓▓ +....{@.....(...<▓ ▓▓▓▓▓▓▓▓▓▓▓▓▓▓▓▓▓▓

There were no monsters in sight!

Vanquished Creatures
  A centaur (D)
  A scorpion (D)
  A hound (D)
  A giant cockroach (D)
  A goblin (D)
  3 hobgoblins (D)
  A quokka skeleton (D)
9 creatures vanquished.

Notes
Turn   | Place    | Note
--------------------------------------------------------------
     0 | D        | Mood the Centaur Hunter began the quest for the Orb.
     0 | D        | Reached XP level 1. HP: 17/17 MP: 1/1
     7 | D        | Reached skill level 5 in Crossbows
    11 | D        | Reached skill level 1 in Stealth
    74 | D        | Noticed an orc wizard
    74 | D        | Noticed a scorpion
    74 | D        | Noticed a hound
    74 | D        | Noticed a centaur
    81 | D        | Killed a centaur
    81 | D        | Reached skill level 8 in Crossbows
    81 | D        | Reached XP level 2. HP: 26/26 MP: 2/2
    81 | D        | Reached XP level 3. HP: 31/31 MP: 3/3
    81 | D        | Reached XP level 4. HP: 38/38 MP: 4/4
    89 | D        | Reached skill level 9 in Crossbows
    89 | D        | Reached skill level 1 in Armour
    93 | D        | Reached skill level 10 in Crossbows
    93 | D        | Reached XP level 5. HP: 44/45 MP: 5/5
   113 | D        | Killed from afar by an orc wizard

Vault maps used:
D:        linesprint

Skill      XL: |  1  2  3  4 |
---------------+-------------+-----
Crossbows      | 8 10 | 10.1
Stealth        | 1 |  1.1
Fighting       | 3 |  3.5
Maces & Flails | 2 3 |  3.6
Dodging        | 2 |  2.4
Armour         | 1 |  1.6

Action                   |  1- 3 |  4- 6 || total
-------------------------+-------+-------++-------
Melee: Club              |     5 |    31 ||    36
       Kick              |     2 |     6 ||     8
 Fire: Hand crossbow     |    10 |       ||    10
  Use: Potion            |     1 |     1 ||     2
Armor: Leather armour    |     6 |     7 ||    13
Dodge: Dodged            |     6 |     8 ||    14
